 Dungeon Crawl Stone Soup version 0.19-a0-1670-gc28a5d9 (console) character file.

183 vible the Slasher (level 5, -4/34 HPs)
             Began as a High Elf Skald on Sept 15, 2016.
             Slain by a killer bee (5 damage)
             ... on level 3 of the Dungeon on Sept 21, 2016.
             The game lasted 00:12:13 (2984 turns).

vible the Slasher (High Elf Skald)                  Turns: 2984, Time: 00:12:14

Health: -4/34      AC:  3    Str: 11    XL:     5   Next: 35%
Magic:  7/10       EV: 11    Int: 16    God:
Gold:   120        SH:  0    Dex: 15    Spells: 4 memorised, 1 level left

rFire  . . .     SeeInvis .     a - +1 falchion
rCold  . . .     Gourm    .     b - +0 leather armour
rNeg   . . .     Faith    .     (no shield)
rPois  .         Spirit   .     (no helmet)
rElec  .         Dismiss  .     (no cloak)
rCorr  .         Reflect  .     (no gloves)
MR     .....     Harm     .     (no boots)
Stlth  +.........               (no amulet)
                                (no ring)
                                (no ring)

@: lethally poisoned (-4 -> -7)
A: no striking features
a: no special abilities


You were on level 3 of the Dungeon.
You were not hungry.

You visited 1 branch of the dungeon, and saw 3 of its levels.

You collected 120 gold pieces.


   Skills:
 - Level 2.0 Fighting
 * Level 5.0 Long Blades
 - Level 0.8 Armour
 - Level 1.1 Dodging
 - Level 3.0 Spellcasting
 - Level 1.9 Hexes
 + Level 4.3 Charms
 + Level 0.8 Necromancy


You had one spell level left.
You knew the following spells:

 Your Spells              Type           Power        Failure   Level  Hunger
e - Regeneration          Chrm/Necr      ##........   30%         3    ###....
o - Infusion              Chrm           ###.         4%          1    #......
u - Shroud of Golubria    Chrm/Tloc      #.........   17%         2    ##.....
w - Spectral Weapon       Hex/Chrm       ##......     24%         3    ###....

Inventory:

Hand Weapons
 a - a +1 falchion (weapon)
 o - a +1 short sword of protection
Missiles
 e - 7 stones (quivered)
Armour
 b - a +0 leather armour (worn)
 j - a +0 chain mail
 s - a +0 ring mail
Scrolls
 i - 2 scrolls of magic mapping
 q - a scroll of remove curse {@r2}
 r - a scroll of immolation {unknown}
 t - a scroll of enchant weapon
Potions
 g - a potion of berserk rage {!q}
 h - 2 potions of agility
 m - 2 potions of haste {@q3}
 n - a potion of lignification {unknown}
 p - 2 potions of flight {unknown}
Comestibles
 c - 5 chunks of flesh
 d - a bread ration {@e1}
 f - 3 meat rations {@e1}

######### #.......#
#.#####.# ###########
#.#####.###.......#..
#.##........#####.#.#
#.##.##.##..#####.#.#
#.##§##.#.#..#.......
#.##{##..###........#
#.§§@y§.## ##..##...#
####y###.###.........
#h# ##.#.###.###..
****#.# ##..# #.# #..
**,,,#.# ##'###)# #.#
#..?..)# ##...##.###.#
#......# ##.....#......
#.....####.......####.#
##...#**#.........###..


You could see 2 killer bees, a jackal and a friendly spectral falchion.


Message History

You are poisoned.
The killer bee poisons you! The killer bee closely misses you.
You riposte.
You hit the killer bee but do no damage.
The killer bee closely misses you. The killer bee misses you.
You closely miss the killer bee.
The killer bee is heavily wounded.
You feel sick.
Your spectral weapon misses the killer bee.
The killer bee barely misses you. The killer bee stings you.
The killer bee barely misses you. The killer bee completely misses you.
The killer bee stings you. The killer bee stings you!
* * * LOW HITPOINT WARNING * * *
You feel better. The killer bee closely misses you. The killer bee stings you.
The killer bee stings you but does no damage.
The killer bee stings you!
* * * LOW HITPOINT WARNING * * *
You are lethally poisoned!
The killer bee poisons you!
As you read the scroll labeled MIBRYE LEMADOQ, it crumbles to dust.
The scroll dissolves into smoke.
It was a scroll of fog.
* * * LOW HITPOINT WARNING * * *
You feel sick. The killer bee closely misses you.
You riposte.
You barely miss the killer bee.
The killer bee is heavily wounded.
The killer bee barely misses you.
You riposte.
You hit the killer bee.
The killer bee is moderately wounded.
The killer bee closely misses you.
You riposte.
You barely miss the killer bee.
The killer bee is heavily wounded.
The killer bee stings you.
You die...

Action                   |  1- 3 |  4- 6 || total
-------------------------+-------+-------++-------
Melee: Falchion          |   141 |   124 ||   265
Throw: Stone             |       |     2 ||     2
 Cast: Infusion          |     7 |       ||     7
       Shroud of Golubri |     4 |       ||     4
       Spectral Weapon   |     2 |     7 ||     9
       Regeneration      |       |     5 ||     5
  Use: Scroll            |       |     9 ||     9
       Potion            |       |     1 ||     1
 Stab: Sleeping          |     1 |       ||     1
       Distracted        |       |     1 ||     1
  Eat: Chunk             |     2 |     7 ||     9
Armor: Leather armour    |    29 |    33 ||    62
Dodge: Dodged            |    76 |    75 ||   151

Vault maps used:
D:1:      minmay_arrival_cross
D:2:      uniq_terence

Notes
Turn   | Place    | Note
-------+----------+-------------------------------------------
     0 | D:1      | vible the High Elf Skald began the quest for the Orb.
     0 | D:1      | Reached XP level 1. HP: 14/14 MP: 4/4
     0 | D:1      | Upgraded the game from 0.19-a0-1568-gdd01aac to 0.19-a0-1670-gc28a5d9
   720 | D:1      | Reached skill level 3 in Long Blades
   720 | D:1      | Reached XP level 2. HP: 16/19 MP: 3/6
   724 | D:1      | Learned a level 2 spell: Shroud of Golubria
  1053 | D:2      | Reached skill level 3 in Spellcasting
  1053 | D:2      | Reached XP level 3. HP: 19/24 MP: 2/8
  1077 | D:2      | Learned a level 3 spell: Spectral Weapon
  1323 | D:2      | Reached skill level 4 in Long Blades
  1357 | D:2      | Reached skill level 4 in Charms
  1499 | D:2      | Noticed Terence
  1673 | D:2      | Killed Terence
  1673 | D:2      | Reached skill level 1 in Hexes
  1673 | D:2      | Reached XP level 4. HP: 17/29 MP: 5/9
  1681 | D:2      | Learned a level 3 spell: Regeneration
  2275 | D:3      | Reached XP level 5. HP: 28/34 MP: 2/10
  2643 | D:3      | Reached skill level 5 in Long Blades
  2983 | D:3      | HP: 2/34 [killer bee (8)]
  2984 | D:3      | Slain by a killer bee

Vanquished Creatures
  An orc priest (D:3)
  Terence (D:2)
  5 adders
  An ooze (D:2)
  3 worms
  4 dart slugs
  A leopard gecko (D:3)
  3 orcs (D:3)
  3 ball pythons
  4 bats
  4 giant cockroaches
  5 hobgoblins
  4 jackals
  3 quokkas
  6 frilled lizards
  6 goblins
  5 kobolds
  5 rats
64 creatures vanquished.
